AoeStats
← Tetsu.Japan

Arena

509112723Analyzed
4v4 RM · 8d ago on Sep 25, 2026· 47m 29s· 8 players
Game mode
Random Map
Map size
Large (8 player)
Population
200
Speed
Normal
Resources
Standard
Victory
Conquest
Starting age
Dark Age
Ending age
Imperial Age
RankedLock teamsTeams togetherTeam positionsShared explorationLock speedFull tech treeHidden civsTurbo modeCheats
Victory
Defeat
🇵🇪 Khmer · Peru
1534
+15
🇭🇺 Koreans · Hungary
1524
+15
🇨🇳 Huns · China
1474
+17
🇭🇰 Byzantines · Hong Kong SAR China
1436
+19
🇯🇵 Danes · Japan
1608
-20
🇹🇼 Britons · Taiwan
1574
-19
🇨🇳 Spanish · China
1558
-19
🇯🇵 Persians · Japan
1282
-8
happikon.6139
9:54 Feudal Age
13:40 Castle Age
11:49 Double-Bit Axe
12:32 Horse Collar
16:13 Wheelbarrow
16:26 Bow Saw
17:09 Heavy Plow
18:20 Town Watch
18:22 Loom
19:14 Hand Cart
23:57 Gold Mining
27:35 Imperial Age
25:43 Gold Shaft Mining
24:59 Stone Mining
26:17 Scale Mail Armor
26:54 Squires
26:16 Pikeman
27:17 Forging
27:24 Redemption
27:38 Sanctity
27:29 Redemption
28:28 Redemption
27:39 Onager
28:05 Halberdier
29:19 Block Printing
28:48 Capped Ram
30:13 Chain Mail Armor
30:59 Arson
31:48 Ballistics
32:28 Chemistry
31:34 Heavy Scorpion
33:18 Siege Engineers
35:12 Siege Ram
37:00 Plate Mail Armor
37:06 Iron Casting
37:32 Elite Varangian Guard
40:44 Clinker Construction
43:06 Sanctity
43:30 Northmen's Fury
Tetsu.Japan
11:01 Feudal Age
14:50 Castle Age
13:16 Double-Bit Axe
13:14 Horse Collar
19:23 Loom
19:40 Town Watch
26:09 Wheelbarrow
26:02 Heavy Plow
26:15 Bow Saw
29:39 Imperial Age
27:17 Stone Mining
27:19 Gold Mining
28:45 Stone Shaft Mining
28:30 Fletching
29:17 Bodkin Arrow
29:37 Murder Holes
31:11 Hand Cart
31:17 Forging
31:46 Kamandaran
32:26 Conscription
33:30 Two-Man Saw
33:03 Crop Rotation
32:49 Scale Barding Armor
33:21 Iron Casting
33:11 Scale Mail Armor
35:07 Ballistics
35:48 Chemistry
35:43 Chain Barding Armor
36:19 Husbandry
36:30 Bloodlines
37:23 Blast Furnace
37:12 Caravan
38:18 Masonry
37:44 Elite War Elephant
39:02 Elite Skirmisher
41:39 Plate Barding Armor
42:09 Pikeman
42:21 Capped Ram
43:15 Squires
42:41 Pikeman
43:46 Chain Mail Armor
44:20 Hoardings
44:06 Padded Archer Armor
sci621
10:34 Feudal Age
11:07 Loom
12:25 Town Watch
15:37 Castle Age
14:19 Double-Bit Axe
14:25 Horse Collar
14:57 Gold Mining
16:43 Bow Saw
24:25 Wheelbarrow
30:58 Sanctity
31:24 Fervor
32:06 Devotion
33:19 Hand Cart
38:26 Imperial Age
36:41 Heavy Plow
37:31 Fortified Wall
38:30 Onager
39:07 Fletching
40:21 Bodkin Arrow
41:37 Bracer
41:38 Padded Archer Armor
42:39 Chemistry
41:59 Ballistics
41:23 Treadmill Crane
44:02 Leather Archer Armor
44:29 Scale Mail Armor
44:28 Pikeman
46:05 Ring Archer Armor
46:01 Conscription
李雾月
10:00 Feudal Age
13:41 Castle Age
12:00 Double-Bit Axe
12:32 Horse Collar
15:10 Bow Saw
20:17 Wheelbarrow
20:02 Heavy Plow
21:20 Gold Mining
23:48 Hand Cart
24:13 Stone Mining
27:33 Imperial Age
24:50 Loom
24:50 Town Watch
25:15 Scale Mail Armor
25:21 Scale Barding Armor
25:27 Forging
25:56 Stone Shaft Mining
26:44 Chain Barding Armor
26:52 Bloodlines
26:42 Husbandry
28:08 Iron Casting
27:35 Cavalier
28:38 Conscription
29:22 Chemistry
29:02 Plate Barding Armor
29:33 Two-Man Saw
28:56 Paladin
32:12 Blast Furnace
33:27 Coinage
33:42 Hoardings
33:11 Herbal Medicine
33:00 Capped Ram
33:30 Elite Conquistador
33:42 Elite Conquistador
33:46 Light Cavalry
34:26 Fletching
34:36 Padded Archer Armor
34:36 Scale Mail Armor
37:03 Leather Archer Armor
37:15 Hussar
38:38 Banking
42:27 Masonry
45:58 Pikeman
46:41 Squires
46:58 Chain Mail Armor
46:40 Bodkin Arrow
46:32 Halberdier
KLIKELIN
11:04 Feudal Age
13:52 Castle Age
12:34 Double-Bit Axe
12:30 Horse Collar
14:51 Bow Saw
17:15 Loom
20:06 Heavy Plow
21:30 Gold Mining
24:29 Wheelbarrow
25:13 Gold Shaft Mining
24:29 Stone Mining
27:53 Imperial Age
26:21 Hand Cart
27:29 Forging
27:42 Ballistics
27:52 Pikeman
29:04 Conscription
28:45 Double Crossbow
28:08 Heavy Scorpion
29:38 Siege Engineers
29:38 Scale Mail Armor
30:48 Halberdier
31:16 Town Watch
32:56 Town Patrol
33:58 Iron Casting
34:27 Chemistry
35:47 Blast Furnace
35:03 Chain Mail Armor
38:57 Husbandry
39:08 Bloodlines
38:18 Light Cavalry
39:58 Scale Barding Armor
39:45 Hussar
42:41 Chain Barding Armor
D哥
10:10 Feudal Age
13:58 Castle Age
11:49 Double-Bit Axe
11:46 Horse Collar
15:11 Bow Saw
20:44 Gold Mining
22:29 Gold Shaft Mining
23:15 Wheelbarrow
26:06 Imperial Age
23:25 Loom
24:27 Wheelbarrow
24:59 Gold Shaft Mining
24:34 Scale Mail Armor
24:25 Pikeman
25:56 Hand Cart
26:06 Chain Mail Armor
26:13 Halberdier
26:55 Squires
27:07 Forging
26:30 Man-at-Arms
26:57 Arson
26:43 Capped Ram
28:10 Siege Ram
28:14 Long Swordsman
29:02 Two-Handed Swordsman
30:31 Iron Casting
30:44 Scale Barding Armor
30:54 Light Cavalry
31:45 Bloodlines
31:35 Husbandry
32:28 Chain Barding Armor
33:09 Blast Furnace
32:21 Hussar
33:56 Town Watch
34:49 Plate Barding Armor
34:13 Stone Mining
34:09 Cavalier
36:06 Two-Man Saw
35:07 Heavy Plow
39:44 Conscription
40:21 Fletching
41:35 Marauders
41:31 Elite Tarkan
42:16 Bodkin Arrow
42:43 Ballistics
局長
10:29 Loom
12:14 Feudal Age
14:12 Double-Bit Axe
14:08 Horse Collar
14:38 Stone Mining
17:00 Castle Age
15:27 Gold Mining
17:19 Wheelbarrow
18:07 Bow Saw
22:49 Heavy Plow
28:32 Imperial Age
25:50 Treadmill Crane
26:12 Fletching
26:22 Padded Archer Armor
27:41 Gold Shaft Mining
27:45 Ballistics
27:06 Crossbowman
27:58 Bodkin Arrow
28:25 Leather Archer Armor
28:54 Fortified Wall
29:33 Thumb Ring
29:55 Conscription
29:03 Arbalester
31:00 Chemistry
31:06 Bracer
33:38 Ring Archer Armor
33:39 Hand Cart
33:45 Husbandry
33:35 Light Cavalry
34:34 Scale Barding Armor
34:39 Forging
35:43 Chain Barding Armor
34:58 Hussar
36:40 Iron Casting
39:24 Plate Barding Armor
44:28 Two-Man Saw
43:59 Crop Rotation
44:11 Fervor
44:42 Block Printing
45:07 Theocracy
46:00 Stone Shaft Mining
46:15 Illumination
verszomj
5:38 Loom
8:40 Feudal Age
9:30 Double-Bit Axe
9:26 Horse Collar
15:11 Wheelbarrow
14:45 Fletching
19:34 Castle Age
20:10 Bodkin Arrow
22:09 Bow Saw
33:38 Imperial Age
34:29 Bracer
34:04 Crossbowman
35:26 Thumb Ring
39:15 Chemistry
40:29 Ballistics
41:03 Arbalester
44:49 Siege Engineers
Connection lost

Rejoining the realm…

Still unreachable

The connection could not be restored.

Session expired

The server has moved on; the page needs a fresh start.